2452 views
Uploaded 2021-10-13 15:15:59
Game version 1.32.10
26:25 long 3on3 ladder game on (6)StranglethornVale
Saved by xzz
2452 views
Uploaded 2021-10-13 15:15:59
Game version 1.32.10
26:25 long 3on3 ladder game on (6)StranglethornVale


126 units @ 14.7k
/ 2.3k
67 buildings @ 11.9k
/ 5.3k


| Lesser Clarity Potion | 1 | 70 |
| Moonstone | 1 | 50 |
| total: | 2 | 120g |
| Wisp | 42 | 2520 | / | 0 |
| Huntress | 7 | 1365 | / | 140 |
| Mountain Giant | 3 | 1050 | / | 300 |
| Dryad | 2 | 290 | / | 120 |
| Goblin Shredder | 1 | 375 | / | 100 |
| total: | 55 | 5600g | / | 660w |
| Ancient Protector | 6 | 810 | / | 480 |
| Altar of Elders | 2 | 360 | / | 100 |
| Moon Well | 10 | 1800 | / | 400 |
| Hunter's Hall | 2 | 420 | / | 200 |
| Ancient of War | 4 | 600 | / | 240 |
| Tree of Life | 5 | 1700 | / | 925 |
| Ancient of Wonders | 2 | 180 | / | 60 |
| Ancient of Lore | 3 | 465 | / | 435 |
| Tree of Ages | 1 | 320 | / | 180 |
| Tree of Eternity | 1 | 330 | / | 200 |
| total: | 34 | 6335g | / | 2840w |
| 0:02 | Wisp |
| 0:03 | Wisp |
| 0:11 | Altar of Elders |
| 0:15 | Moon Well |
| 0:19 | Wisp |
| 0:20 | Wisp |
| 0:20 | Wisp |
| 0:34 | Wisp |
| 0:55 | Wisp |
| 0:56 | Wisp |
| 1:18 | Wisp |
| 1:35 | Hunter's Hall |
| 1:41 | Ancient of War |
| 1:54 | Moon Well |
| 2:14 | Ancient of War |
| 2:22 | Entangling Roots |
| 2:29 | Wisp |
| 2:45 | Huntress |
| 2:54 | Moon Well |
| 3:12 | Huntress |
| 3:31 | Huntress |
| 4:20 | Tree of Life |
| 4:27 | Ancient of Wonders |
| 4:29 | Wisp |
| 4:30 | Wisp |
| 4:33 | Wisp |
| 4:47 | Moon Well |
| 4:50 | Thorns Aura |
| 5:21 | Goblin Shredder |
| 6:12 | Tree of Ages |
| 6:15 | Huntress |
| 6:31 | Moon Well |
| 6:38 | Lesser Clarity Potion |
| 6:42 | Moonstone |
| 7:09 | Strength of the Moon |
| 7:17 | Huntress |
| 7:26 | Sentinel |
| 8:17 | Huntress |
| 8:34 | Moon Well |
| 8:36 | Tree of Eternity |
| 8:44 | Ancient of Lore |
| 8:48 | Ancient of Lore |
| 9:40 | Entangling Roots |
| 9:53 | Ancient of Lore |
| 9:59 | Strength of the Wild |
| 9:59 | Reinforced Hides |
| 10:12 | Mountain Giant |
| 10:27 | Wisp |
| 10:27 | Wisp |
| 10:27 | Wisp |
| 10:37 | Trueshot Aura |
| 10:50 | Moon Well |
| 11:18 | Improved Strength of the Wild |
| 11:20 | Hardened Skin |
| 11:20 | Resistant Skin |
| 11:22 | Abolish Magic |
| 11:23 | Dryad |
| 11:49 | Mountain Giant |
| 11:56 | Moon Well |
| 12:08 | Dryad |
| 12:30 | Mountain Giant |
| 13:04 | Nature's Blessing |
| 13:50 | Wisp |
| 13:50 | Wisp |
| 13:51 | Wisp |
| 13:51 | Wisp |
| 13:51 | Wisp |
| 13:51 | Wisp |
| 13:51 | Wisp |
| 14:22 | Thorns Aura |
| 14:51 | Tree of Life |
| 15:37 | Tree of Life |
| 16:12 | Tree of Life |
| 16:43 | Ancient Protector |
| 17:09 | Ancient Protector |
| 18:35 | Wisp |
| 18:35 | Wisp |
| 18:36 | Wisp |
| 18:36 | Wisp |
| 18:36 | Wisp |
| 18:54 | Moon Well |
| 18:58 | Wisp |
| 18:59 | Wisp |
| 19:10 | Ancient Protector |
| 19:12 | Wisp |
| 19:25 | Altar of Elders |
| 19:41 | Wisp |
| 20:32 | Ancient Protector |
| 20:47 | Ancient Protector |
| 20:52 | Wisp |
| 21:14 | Hunter's Hall |
| 21:29 | Wisp |
| 21:49 | Ancient of War |
| 21:56 | Wisp |
| 21:56 | Wisp |
| 22:17 | Moon Well |
| 22:26 | Ancient of War |
| 22:34 | Wisp |
| 22:34 | Wisp |
| 22:42 | Ancient of Wonders |
| 23:17 | Huntress |
| 23:47 | Wisp |
| 23:47 | Wisp |
| 23:47 | Wisp |
| 23:47 | Wisp |
| 24:49 | Tree of Life |
| 24:55 | Ancient Protector |
| Right click | 1267 |
| Select group | 964 |
| Select | 342 |
| Build/train/purchase | 117 |
| Assign group | 39 |
| Use ability | 33 |
| Chat | 26 |
| Esc | 2 |
| Remove unit | 1 |
| Minimap ping | 1 |



| Lesser Clarity Potion | 2 | 140 |
| Staff of Preservation | 3 | 450 |
| Moonstone | 2 | 100 |
| Orb of Venom | 2 | 650 |
| Potion of Healing | 1 | 150 |
| Potion of Mana | 1 | 200 |
| Scroll of Town Portal | 3 | 1050 |
| Scroll of Healing | 1 | 250 |
| total: | 15 | 2990g |
| Wisp | 20 | 1200 | / | 0 |
| Archer | 8 | 1040 | / | 80 |
| Dryad | 4 | 580 | / | 240 |
| Mountain Giant | 4 | 1400 | / | 400 |
| total: | 36 | 4220g | / | 720w |
| Altar of Elders | 1 | 180 | / | 50 |
| Moon Well | 7 | 1260 | / | 280 |
| Ancient of War | 1 | 150 | / | 60 |
| Hunter's Hall | 1 | 210 | / | 100 |
| Ancient of Wonders | 1 | 90 | / | 30 |
| Tree of Life | 1 | 340 | / | 185 |
| Ancient of Lore | 4 | 620 | / | 580 |
| Tree of Ages | 1 | 320 | / | 180 |
| Tree of Eternity | 2 | 660 | / | 400 |
| total: | 16 | 2850g | / | 1285w |
| 0:02 | Wisp |
| 0:02 | Wisp |
| 0:02 | Wisp |
| 0:07 | Altar of Elders |
| 0:22 | Moon Well |
| 0:30 | Ancient of War |
| 0:32 | Wisp |
| 0:32 | Wisp |
| 0:42 | Wisp |
| 0:42 | Wisp |
| 0:53 | Wisp |
| 0:53 | Wisp |
| 0:54 | Wisp |
| 1:03 | Wisp |
| 1:03 | Wisp |
| 1:16 | Wisp |
| 1:16 | Wisp |
| 1:16 | Wisp |
| 1:32 | Moon Well |
| 1:36 | Archer |
| 1:36 | Archer |
| 1:45 | Wisp |
| 1:45 | Wisp |
| 1:50 | Wisp |
| 1:50 | Wisp |
| 2:14 | Force of Nature |
| 2:31 | Wisp |
| 2:52 | Tree of Ages |
| 3:02 | Archer |
| 3:22 | Archer |
| 3:28 | Entangling Roots |
| 3:34 | Archer |
| 3:38 | Moon Well |
| 4:04 | Moon Well |
| 4:10 | Archer |
| 4:42 | Archer |
| 4:45 | Hunter's Hall |
| 4:48 | Ancient of Wonders |
| 5:22 | Entangling Roots |
| 5:54 | Frost Arrows |
| 6:06 | Ancient of Lore |
| 6:08 | Ancient of Lore |
| 6:17 | Lesser Clarity Potion |
| 6:19 | Staff of Preservation |
| 6:28 | Ancient of Lore |
| 6:32 | Ancient of Lore |
| 7:03 | Tree of Eternity |
| 7:26 | Archer |
| 7:46 | Dryad |
| 8:00 | Forked Lightning |
| 8:34 | Abolish Magic |
| 8:43 | Moonstone |
| 8:48 | Staff of Preservation |
| 9:01 | Dryad |
| 9:04 | Reinforced Hides |
| 9:07 | Mountain Giant |
| 10:22 | Hardened Skin |
| 10:23 | Resistant Skin |
| 10:46 | Orb of Venom |
| 10:46 | Scroll of Town Portal |
| 10:49 | Moonstone |
| 10:51 | Lesser Clarity Potion |
| 11:04 | Dryad |
| 11:50 | Potion of Healing |
| 11:54 | Scroll of Town Portal |
| 12:15 | Dryad |
| 12:17 | Strength of the Wild |
| 12:21 | Mountain Giant |
| 12:38 | Moon Well |
| 13:59 | Force of Nature |
| 14:00 | Forked Lightning |
| 15:01 | Mountain Giant |
| 15:06 | Improved Reinforced Hides |
| 16:42 | Frost Arrows |
| 16:54 | Entangling Roots |
| 17:00 | Orb of Venom |
| 17:00 | Staff of Preservation |
| 17:00 | Potion of Mana |
| 17:17 | Trueshot Aura |
| 17:34 | Nature's Blessing |
| 17:57 | Moon Well |
| 18:00 | Moon Well |
| 19:37 | Tree of Life |
| 19:39 | Mountain Giant |
| 21:02 | Scout |
| 22:54 | Scroll of Town Portal |
| 22:59 | Scroll of Healing |
| 25:14 | Forked Lightning |
| 25:29 | Trueshot Aura |
| 25:45 | Tranquility |
| Right click | 1487 |
| Select group | 1096 |
| Select | 760 |
| Misc. action | 556 |
| Build/train/purchase | 168 |
| Use ability | 69 |
| Assign group | 26 |
| Item give/drop | 10 |
| Resource trade | 4 |
| Minimap ping | 1 |

| Healing Salve | 2 | 200 |
| Lesser Clarity Potion | 8 | 560 |
| Scroll of Speed | 4 | 200 |
| Potion of Healing | 1 | 150 |
| Scroll of Town Portal | 1 | 350 |
| Boots of Speed | 1 | 250 |
| Potion of Lesser Invulnerability | 2 | 300 |
| Staff of Teleportation | 1 | 150 |
| total: | 20 | 2160g |
| Peon | 11 | 825 | / | 0 |
| Troll Batrider | 14 | 2240 | / | 560 |
| Raider | 10 | 1800 | / | 400 |
| total: | 35 | 4865g | / | 960w |
| Watch Tower | 5 | 550 | / | 400 |
| Altar of Storms | 1 | 180 | / | 50 |
| Orc Burrow | 5 | 800 | / | 200 |
| Voodoo Lounge | 1 | 130 | / | 30 |
| War Mill | 1 | 205 | / | 0 |
| Barracks | 1 | 180 | / | 50 |
| Great Hall | 1 | 385 | / | 185 |
| Beastiary | 2 | 290 | / | 280 |
| Stronghold | 1 | 315 | / | 190 |
| Fortress | 1 | 325 | / | 190 |
| total: | 17 | 2720g | / | 1195w |
| 0:05 | Peon |
| 0:06 | Peon |
| 0:09 | Altar of Storms |
| 0:12 | Orc Burrow |
| 0:39 | Peon |
| 0:57 | Peon |
| 1:05 | Voodoo Lounge |
| 1:09 | Peon |
| 1:33 | Peon |
| 1:43 | Peon |
| 1:48 | Peon |
| 2:12 | Healing Salve |
| 2:13 | Lesser Clarity Potion |
| 2:15 | Stronghold |
| 2:20 | Feral Spirit |
| 2:32 | War Mill |
| 4:04 | Watch Tower |
| 4:08 | Watch Tower |
| 4:11 | Healing Salve |
| 4:11 | Lesser Clarity Potion |
| 4:12 | Scroll of Speed |
| 4:19 | Orc Burrow |
| 5:17 | Beastiary |
| 5:35 | Beastiary |
| 5:37 | Peon |
| 5:37 | Peon |
| 5:42 | Watch Tower |
| 5:48 | Orc Burrow |
| 6:05 | Peon |
| 6:16 | Potion of Healing |
| 6:18 | Lesser Clarity Potion |
| 6:21 | Lesser Clarity Potion |
| 6:26 | Fortress |
| 6:28 | Troll Batrider |
| 7:06 | Chain Lighting |
| 7:20 | Troll Batrider |
| 8:01 | Boots of Speed |
| 8:02 | Potion of Lesser Invulnerability |
| 8:22 | Troll Batrider |
| 8:58 | Troll Batrider |
| 8:59 | Liquid Fire |
| 10:05 | Feral Spirit |
| 10:10 | Troll Batrider |
| 10:12 | Orc Burrow |
| 10:27 | Troll Batrider |
| 10:29 | Reinforced Defenses |
| 10:46 | Lesser Clarity Potion |
| 10:46 | Scroll of Speed |
| 10:48 | Lesser Clarity Potion |
| 12:07 | Troll Batrider |
| 12:34 | Watch Tower |
| 12:37 | Troll Batrider |
| 12:45 | Barracks |
| 13:56 | Troll Batrider |
| 14:06 | Orc Burrow |
| 14:17 | Steel Ranged Weapons |
| 14:17 | Steel Armor |
| 14:25 | Scroll of Town Portal |
| 14:26 | Scroll of Speed |
| 15:14 | Troll Batrider |
| 15:40 | Troll Batrider |
| 16:05 | Chain Lighting |
| 16:16 | Troll Batrider |
| 16:44 | Troll Batrider |
| 16:49 | Lesser Clarity Potion |
| 16:51 | Scroll of Speed |
| 16:51 | Lesser Clarity Potion |
| 17:18 | Potion of Lesser Invulnerability |
| 17:22 | Staff of Teleportation |
| 18:34 | Raider |
| 18:35 | Pillage |
| 19:07 | Raider |
| 19:12 | Raider |
| 19:12 | Raider |
| 19:12 | Raider |
| 19:38 | Troll Batrider |
| 19:40 | Raider |
| 19:56 | Raider |
| 20:45 | Raider |
| 21:54 | Raider |
| 21:56 | Raider |
| 22:47 | Watch Tower |
| 23:41 | Great Hall |
| 24:19 | Feral Spirit |
| Right click | 1489 |
| Select | 431 |
| Build/train/purchase | 143 |
| Chat | 43 |
| Use ability | 22 |
| Assign group | 18 |
| Select group | 15 |
| Minimap ping | 6 |
| Esc | 4 |
| Resource trade | 4 |
| Item give/drop | 1 |
| Remove unit | 1 |
138 units @ 18.4k
/ 1.3k
71 buildings @ 10.1k
/ 4.6k


| Healing Salve | 3 | 300 |
| Scroll of Speed | 1 | 50 |
| Lesser Clarity Potion | 5 | 350 |
| Potion of Mana | 2 | 400 |
| Potion of Healing | 2 | 300 |
| Scroll of Town Portal | 2 | 700 |
| total: | 15 | 2100g |
| Peon | 8 | 600 | / | 0 |
| Grunt | 10 | 2000 | / | 0 |
| Raider | 5 | 900 | / | 200 |
| total: | 23 | 3500g | / | 200w |
| Watch Tower | 7 | 770 | / | 560 |
| Altar of Storms | 1 | 180 | / | 50 |
| Orc Burrow | 5 | 800 | / | 200 |
| Barracks | 1 | 180 | / | 50 |
| Voodoo Lounge | 1 | 130 | / | 30 |
| War Mill | 1 | 205 | / | 0 |
| Great Hall | 3 | 1155 | / | 555 |
| Beastiary | 2 | 290 | / | 280 |
| Stronghold | 2 | 630 | / | 380 |
| total: | 21 | 3710g | / | 1725w |
| 0:03 | Peon |
| 0:03 | Peon |
| 0:03 | Peon |
| 0:07 | Altar of Storms |
| 0:20 | Orc Burrow |
| 0:36 | Barracks |
| 0:46 | Peon |
| 1:01 | Peon |
| 1:17 | Peon |
| 1:36 | Orc Burrow |
| 1:49 | Grunt |
| 1:49 | Grunt |
| 2:08 | Voodoo Lounge |
| 2:20 | Shockwave |
| 2:29 | Grunt |
| 2:29 | Grunt |
| 2:31 | Peon |
| 2:31 | Peon |
| 3:21 | Grunt |
| 3:22 | Stronghold |
| 4:11 | Grunt |
| 4:25 | Healing Salve |
| 4:25 | Scroll of Speed |
| 5:12 | Lesser Clarity Potion |
| 5:16 | Grunt |
| 5:19 | War Mill |
| 5:36 | Grunt |
| 5:39 | Orc Burrow |
| 5:51 | Berserker Strength |
| 6:36 | Steel Melee Weapons |
| 6:50 | Endurance Aura |
| 7:05 | Beastiary |
| 7:05 | Beastiary |
| 7:06 | Pillage |
| 7:36 | Hex |
| 7:39 | Grunt |
| 8:29 | Raider |
| 8:30 | Ensnare |
| 8:38 | Scroll of Town Portal |
| 8:38 | Lesser Clarity Potion |
| 8:39 | Potion of Mana |
| 8:42 | Healing Salve |
| 8:53 | Lesser Clarity Potion |
| 9:25 | Potion of Healing |
| 9:25 | Potion of Healing |
| 9:35 | Potion of Mana |
| 9:52 | Raider |
| 10:20 | Raider |
| 10:43 | Raider |
| 11:17 | Watch Tower |
| 11:31 | Grunt |
| 12:06 | Shockwave |
| 12:23 | Orc Burrow |
| 12:43 | Thorium Melee Weapons |
| 12:44 | Arcanite Melee Weapons |
| 13:31 | Healing Wave |
| 14:15 | Raider |
| 15:43 | Great Hall |
| 16:12 | Great Hall |
| 16:22 | Lesser Clarity Potion |
| 16:22 | Healing Salve |
| 16:26 | Lesser Clarity Potion |
| 17:03 | Watch Tower |
| 17:03 | Watch Tower |
| 17:06 | Orc Burrow |
| 17:08 | Watch Tower |
| 17:42 | Scroll of Town Portal |
| 18:01 | Watch Tower |
| 18:24 | Watch Tower |
| 18:33 | Endurance Aura |
| 19:12 | Great Hall |
| 19:14 | Watch Tower |
| 24:14 | Shockwave |
| Right click | 1524 |
| Select | 688 |
| Select group | 533 |
| Build/train/purchase | 83 |
| Use ability | 67 |
| Misc. action | 53 |
| Assign group | 16 |
| Minimap ping | 9 |
| Esc | 5 |
| Item give/drop | 2 |
| Remove unit | 1 |


x1)
| Scroll of Regeneration | 1 | 100 |
| Potion of Healing | 2 | 300 |
| Potion of Mana | 2 | 400 |
| Ivory Tower | 2 | 80 |
| Lesser Clarity Potion | 1 | 70 |
| Scroll of Town Portal | 4 | 1400 |
| Scroll of Healing | 4 | 1000 |
| Potion of Lesser Invulnerability | 2 | 300 |
| Tome of Retraining | 1 | 300 |
| total: | 19 | 3950g |
| Peasant | 28 | 2100 | / | 0 |
| Footman | 17 | 2295 | / | 0 |
| Rifleman | 8 | 1640 | / | 240 |
| Mortar Team | 5 | 900 | / | 350 |
| Flying Machine | 1 | 100 | / | 30 |
| Priest | 3 | 405 | / | 30 |
| Sorceress | 3 | 465 | / | 60 |
| Spell Breaker | 1 | 215 | / | 30 |
| Goblin Shredder | 2 | 750 | / | 200 |
| total: | 68 | 8870g | / | 940w |
| Scout Tower | 6 | 180 | / | 120 |
| Guard Tower | 6 | 420 | / | 300 |
| Altar of Kings | 1 | 180 | / | 50 |
| Farm | 11 | 880 | / | 220 |
| Barracks | 4 | 640 | / | 240 |
| Town Hall | 2 | 770 | / | 410 |
| Lumber Mill | 2 | 240 | / | 0 |
| Arcane Vault | 2 | 260 | / | 60 |
| Blacksmith | 1 | 140 | / | 60 |
| Cannon Tower | 1 | 120 | / | 100 |
| Arcane Sanctum | 2 | 300 | / | 280 |
| Workshop | 1 | 140 | / | 140 |
| Keep | 2 | 640 | / | 420 |
| Castle | 1 | 360 | / | 210 |
| total: | 32 | 3730g | / | 1580w |
| 0:02 | Peasant |
| 0:02 | Peasant |
| 0:02 | Peasant |
| 0:06 | Altar of Kings |
| 0:18 | Farm |
| 0:20 | Barracks |
| 0:26 | Peasant |
| 0:44 | Peasant |
| 0:49 | Farm |
| 0:59 | Peasant |
| 1:18 | Peasant |
| 1:24 | Footman |
| 1:29 | Peasant |
| 1:35 | Farm |
| 1:46 | Footman |
| 1:46 | Footman |
| 1:46 | Footman |
| 1:46 | Footman |
| 1:46 | Footman |
| 1:46 | Footman |
| 1:46 | Footman |
| 1:46 | Footman |
| 1:46 | Footman |
| 1:46 | Footman |
| 1:46 | Footman |
| 1:53 | Peasant |
| 2:08 | Footman |
| 2:12 | Summon Water Elemental |
| 2:21 | Peasant |
| 2:24 | Farm |
| 2:40 | Footman |
| 2:56 | Peasant |
| 3:08 | Footman |
| 3:09 | Peasant |
| 3:13 | Brilliance Aura |
| 3:22 | Town Hall |
| 3:32 | Peasant |
| 3:48 | Peasant |
| 4:00 | Lumber Mill |
| 4:22 | Arcane Vault |
| 4:34 | Summon Water Elemental |
| 4:43 | Footman |
| 4:44 | Peasant |
| 4:47 | Peasant |
| 4:48 | Peasant |
| 5:23 | Keep |
| 5:34 | Footman |
| 5:55 | Blacksmith |
| 6:25 | Farm |
| 6:59 | Goblin Shredder |
| 7:48 | Peasant |
| 7:48 | Peasant |
| 7:55 | Rifleman |
| 8:02 | Barracks |
| 8:03 | Arcane Sanctum |
| 8:03 | Arcane Sanctum |
| 8:12 | Peasant |
| 8:15 | Black Gunpowder |
| 8:16 | Barracks |
| 8:20 | Workshop |
| 8:21 | Improved Lumber Harvesting |
| 8:32 | Long Rifles |
| 8:43 | Peasant |
| 9:00 | Farm |
| 9:02 | Storm Bolt |
| 9:10 | Scroll of Regeneration |
| 9:12 | Potion of Healing |
| 9:12 | Potion of Mana |
| 9:15 | Ivory Tower |
| 9:15 | Ivory Tower |
| 9:38 | Scout Tower |
| 9:39 | Scout Tower |
| 9:42 | Improved Masonry |
| 9:43 | Guard Tower |
| 9:52 | Mortar Team |
| 10:08 | Guard Tower |
| 10:37 | Rifleman |
| 10:40 | Guard Tower |
| 10:43 | Brilliance Aura |
| 11:00 | Rifleman |
| 11:05 | Flying Machine |
| 11:09 | Scroll of Town Portal |
| 11:10 | Potion of Lesser Invulnerability |
| 11:12 | Scroll of Healing |
| 11:47 | Peasant |
| 11:47 | Peasant |
| 11:48 | Peasant |
| 11:49 | Peasant |
| 11:49 | Peasant |
| 11:59 | Rifleman |
| 12:14 | Mortar Team |
| 12:15 | Farm |
| 12:20 | Scout Tower |
| 12:21 | Peasant |
| 12:28 | Scroll of Town Portal |
| 12:28 | Scroll of Healing |
| 13:14 | Thunder Clap |
| 13:43 | Farm |
| 13:45 | Town Hall |
| 14:45 | Storm Bolt |
| 15:33 | Priest |
| 16:03 | Rifleman |
| 16:10 | Peasant |
| 16:43 | Thunder Clap |
| 17:20 | Goblin Shredder |
| 17:43 | Summon Water Elemental |
| 18:11 | Priest Adept Training |
| 18:12 | Priest |
| 18:38 | Keep |
| 18:38 | Scout Tower |
| 18:39 | Scout Tower |
| 18:47 | Priest |
| 19:14 | Scroll of Town Portal |
| 19:15 | Tome of Retraining |
| 19:15 | Retrain Hero |
| 19:16 | Scroll of Healing |
| 19:21 | Blizzard |
| 19:22 | Blizzard |
| 19:22 | Brilliance Aura |
| 19:23 | Brilliance Aura |
| 19:37 | Rifleman |
| 19:45 | Cannon Tower |
| 19:48 | Lumber Mill |
| 19:56 | Mortar Team |
| 20:01 | Farm |
| 20:12 | Rifleman |
| 20:21 | Farm |
| 20:38 | Mortar Team |
| 20:48 | Scout Tower |
| 21:13 | Sorceress |
| 21:14 | Spell Breaker |
| 21:24 | Rifleman |
| 21:35 | Refined Gunpowder |
| 21:41 | Mortar Team |
| 22:20 | Guard Tower |
| 22:47 | Scroll of Town Portal |
| 22:47 | Potion of Lesser Invulnerability |
| 22:47 | Scroll of Healing |
| 22:53 | Barracks |
| 22:55 | Castle |
| 23:15 | Sorceress |
| 24:23 | Storm Bolt |
| 24:26 | Arcane Vault |
| 24:33 | Iron Forged Swords |
| 24:34 | Iron Plating |
| 24:41 | Sorceress |
| 24:45 | Farm |
| 25:44 | Lesser Clarity Potion |
| 26:05 | Potion of Mana |
| 26:11 | Avatar |
| 26:14 | Potion of Healing |
| Select group | 1373 |
| Right click | 1290 |
| Select | 597 |
| Build/train/purchase | 204 |
| Misc. action | 197 |
| Assign group | 162 |
| Use ability | 42 |
| Minimap ping | 5 |
| Esc | 4 |
| Item give/drop | 3 |

| Scroll of Regeneration | 1 | 100 |
| Potion of Mana | 1 | 200 |
| Potion of Healing | 1 | 150 |
| Periapt of Vitality | 1 | 325 |
| Boots of Speed | 1 | 250 |
| total: | 5 | 1025g |
| Peasant | 11 | 825 | / | 0 |
| Footman | 27 | 3645 | / | 0 |
| Rifleman | 5 | 1025 | / | 150 |
| Priest | 4 | 540 | / | 40 |
| total: | 47 | 6035g | / | 190w |
| Scout Tower | 3 | 90 | / | 60 |
| Guard Tower | 2 | 140 | / | 100 |
| Arcane Tower | 1 | 70 | / | 50 |
| Altar of Kings | 1 | 180 | / | 50 |
| Barracks | 1 | 160 | / | 60 |
| Farm | 5 | 400 | / | 100 |
| Lumber Mill | 1 | 120 | / | 0 |
| Arcane Vault | 1 | 130 | / | 30 |
| Blacksmith | 1 | 140 | / | 60 |
| Town Hall | 3 | 1155 | / | 615 |
| Arcane Sanctum | 2 | 300 | / | 280 |
| Keep | 2 | 640 | / | 420 |
| total: | 18 | 2675g | / | 1255w |
| 0:05 | Altar of Kings |
| 0:07 | Barracks |
| 0:10 | Farm |
| 0:15 | Peasant |
| 0:22 | Peasant |
| 0:45 | Peasant |
| 1:14 | Lumber Mill |
| 1:18 | Arcane Vault |
| 1:26 | Footman |
| 1:51 | Footman |
| 1:53 | Peasant |
| 2:07 | Flame Strike |
| 2:42 | Farm |
| 3:01 | Scroll of Regeneration |
| 3:06 | Improved Lumber Harvesting |
| 3:58 | Footman |
| 3:58 | Footman |
| 4:08 | Periapt of Vitality |
| 4:21 | Backpack |
| 4:30 | Scout Tower |
| 4:34 | Improved Masonry |
| 4:42 | Blacksmith |
| 5:00 | Keep |
| 5:05 | Boots of Speed |
| 5:19 | Guard Tower |
| 5:39 | Footman |
| 5:39 | Footman |
| 6:04 | Farm |
| 7:18 | Footman |
| 7:18 | Footman |
| 7:20 | Footman |
| 7:20 | Footman |
| 7:24 | Scout Tower |
| 8:09 | Arcane Tower |
| 8:13 | Scout Tower |
| 8:16 | Potion of Mana |
| 8:45 | Guard Tower |
| 9:02 | Rifleman |
| 9:02 | Rifleman |
| 9:08 | Arcane Sanctum |
| 9:15 | Arcane Sanctum |
| 9:18 | Peasant |
| 9:18 | Peasant |
| 9:23 | Siphon Mana |
| 9:37 | Footman |
| 9:38 | Footman |
| 9:38 | Footman |
| 9:38 | Footman |
| 9:38 | Footman |
| 9:49 | Potion of Healing |
| 10:25 | Iron Forged Swords |
| 10:27 | Studded Leather Armor |
| 10:32 | Peasant |
| 11:10 | Priest |
| 11:10 | Priest |
| 11:19 | Farm |
| 12:27 | Town Hall |
| 13:40 | Footman |
| 13:40 | Footman |
| 14:17 | Footman |
| 14:17 | Footman |
| 14:22 | Footman |
| 15:05 | Town Hall |
| 15:29 | Footman |
| 15:29 | Footman |
| 16:03 | Priest Adept Training |
| 16:10 | Rifleman |
| 17:30 | Keep |
| 17:35 | Priest |
| 17:35 | Priest |
| 18:10 | Peasant |
| 18:10 | Peasant |
| 18:10 | Peasant |
| 18:11 | Peasant |
| 18:14 | Farm |
| 18:42 | Rifleman |
| 18:42 | Rifleman |
| 18:59 | Defend |
| 19:30 | Footman |
| 19:30 | Footman |
| 19:30 | Footman |
| 20:57 | Town Hall |
| 22:46 | Footman |
| 22:46 | Footman |
| Right click | 436 |
| Select | 228 |
| Select group | 111 |
| Build/train/purchase | 70 |
| Use ability | 23 |
| Assign group | 20 |
| Remove unit | 1 |
| Minimap ping | 1 |
⇛